Nobbs, chaotic male elven Wizard ------ ------ |....| ------- |....| --------- |....| ------------ |.....| |.`..| ----- |.......| |....| |>.........| |.....| |.....#### |.... |.......| #......#####|..........| |.....| |....| # |...| |.......| ###|....| #|..........| |.....| -+--.- ###|...-# ........| # #|....| ##............#######|.....| # #....|# |........##### ------ ##|..........| #......| # -----# --------- # ####|...)......| ------- # #### # )------------ # ## ### ####a@H####### # ##### # # # # ### ### # ### # # ----.- # ### ### -------- |.<..| ###--------- # # |.*%(+[| |....| #.........##### ##-!..[.+| |....- |.......| |%...).| ------ --------- -------- Nobbs the Thaumaturge Experience level: 6 Strength: 13 Dexterity: 13 Constitution: 16 Intelligence: 20 Wisdom: 11 Charisma: 9 Health: 0(49) Energy: 38(69) Def: 2 Gold: 685 Moves: 7903 Dungeon seed: OV1A8Evc_Gd3PeHS Game ID: Nobbs_1509517113 Your Inventory: Coins $ - 685 gold pieces Wands h - a wand of speed monster (0:7) D - a wand of sleep (0:3) Weapons a - a blessed +1 quarterstaff (weapon in hands) Armor e - an uncursed +0 cloak of magic resistance (being worn) y - an uncursed +0 pair of gauntlets of dexterity (being worn) Comestibles r - an uncursed lichen corpse w - an uncursed clove of garlic C - an uncursed food ration E - an uncursed egg K - an uncursed tripe ration Scrolls M - an uncursed scroll of light R - 4 uncursed scrolls of blank paper Potions L - a cursed potion of fruit juice Rings c - an uncursed +1 ring of gain strength d - an uncursed ring of sustain ability f - an uncursed ring of shock resistance g - an uncursed ring of see invisible t - an uncursed ring of sustain ability B - a cursed ring of slow digestion J - an uncursed ring of poison resistance Tools n - an uncursed blindfold s - an uncursed sack G - an uncursed bag of holding P - an uncursed oil lamp (0:1046) T - an uncursed skeleton key Contents of the sack: an uncursed scroll of create monster an uncursed scroll of enchant weapon an uncursed scroll of light an uncursed scroll of scare monster an uncursed potion of booze an uncursed potion of extra healing an uncursed potion of hallucination a blessed potion of healing an uncursed potion of sickness an uncursed potion of speed Contents of the bag of holding: a wand of create monster (0:12) a wand of nothing (0:6) a wand of polymorph (0:4) 3 uncursed lembas wafers an uncursed scroll of create monster 2 uncursed scrolls of earth a cursed scroll of light an uncursed spellbook of create monster an uncursed spellbook of identify a blessed spellbook of light an uncursed spellbook of magic missile an uncursed spellbook of magic missile an uncursed spellbook of protection an uncursed potion of booze an uncursed potion of confusion an uncursed potion of extra healing an uncursed potion of gain energy an uncursed bugle Spells and supernatural/magical abilities: Name Level Category Fail Memory a - force bolt 1 attack 0% 61% k - knock 1 matter 0% 100% l - light 1 divination 0% 61% m - magic missile 2 attack 0% 61% p - protection 1 clerical 0% 71% H - haste self 3 escape 63% 61% K - cure sickness 3 healing 63% 75% O - create monster 2 clerical 29% 62% W - pray for help -- divine ? -- Your skills at the end: Fighting Skills Weapon Skills quarterstaff [Basic] Spellcasting Skills attack spells [Basic] enchantment spells [Basic] Final Attributes: You were piously aligned. You were sleep resistant. You were magic-protected. You were telepathic. You had infravision. You are dead. Vanquished creatures: a giant mimic a large mimic a leprechaun an orc-captain a horse 5 gnome kings a gold golem a housecat 3 jaguars a raven 2 gnome mummies 3 human zombies a rope golem a soldier ant an imp a water nymph a mountain nymph 4 Mordor orcs 3 Uruk-hai a rock mole 2 ponies 2 yellow lights 11 gnome lords 4 gnomish wizards a kobold mummy a guardian naga hatchling a gray ooze 10 elf zombies a paper golem 5 giant ants 4 floating eyes 2 kittens 11 dwarves a kobold shaman 2 hill orcs 6 rothes 2 centipedes 2 giant bats a monkey a dwarf zombie a wererat 2 iguanas 3 killer bees an acid blob 3 coyotes a gas spore 8 hobbits 2 manes 3 large kobolds 2 hobgoblins a giant rat 6 cave spiders a brown mold 2 yellow molds a green mold 41 gnomes 12 garter snakes 3 geckos 8 jackals a fox 3 goblins 6 grid bugs 2 bats 3 lichens 2 kobold zombies 5 newts 227 creatures vanquished. Voluntary challenges: You had followed a strict vegan diet until turn 4089. You had followed a strict vegetarian diet until turn 4089. You had been an atheist until turn 2227. You used a wielded weapon 47 times, starting on turn 2. You read items or engraved 92 times, starting on turn 11. You never genocided any monsters. You polymorphed 2 items, starting on turn 6. You never changed form. You used no wishes. You never split a pudding. You wrote Elbereth's name 64 times, starting on turn 1779. You violated your moral code, losing 3 points of alignment, starting on turn 2901. Dungeon overview: The Dungeons of Doom: levels 1 to 11 Level 1 a fountain, a sink a long staircase Level 2 a fountain stairs to The Gnomish Mines Level 3 some fountains Level 4 Level 5 Level 6 some fountains Level 7 an altar to Anhur, a sink Level 8 <- You were here a general store Level 9 many fountains Level 10 stairs to Sokoban Level 11 many fountains The Gnomish Mines: levels 3 to 9 Level 3 stairs to The Dungeons of Doom Level 4 Level 5 Level 6 many shops, a temple to Thoth, some fountains, some trees Level 7 Level 8 Level 9 Sokoban: Level 9 stairs to The Dungeons of Doom History has recorded: On T:1 you entered the Dungeons of Doom to retrieve the Amulet of Yendor! On T:285 you reached level 2 of The Dungeons of Doom. On T:400 you reached level 1 of The Gnomish Mines. On T:660 you reached level 3 of The Dungeons of Doom. On T:810 you advanced to experience level 2. On T:897 you reached level 4 of The Dungeons of Doom. On T:1123 you reached level 5 of The Dungeons of Doom. On T:1148 you reached level 6 of The Dungeons of Doom. On T:1739 you advanced to experience level 3. On T:2209 you reached level 7 of The Dungeons of Doom. On T:2479 you reached level 8 of The Dungeons of Doom. On T:2741 you reached level 9 of The Dungeons of Doom. On T:3153 you reached level 11 of The Dungeons of Doom. On T:3318 you advanced to experience level 4. On T:3441 you reached level 10 of The Dungeons of Doom. On T:3533 you reached level 4 of Sokoban. On T:4711 you reached level 2 of The Gnomish Mines. On T:4930 you advanced to experience level 5. On T:4955 you reached level 3 of The Gnomish Mines. On T:5397 you reached level 4 of The Gnomish Mines. On T:5993 you reached level 5 of The Gnomish Mines. On T:6198 you reached level 6 of The Gnomish Mines. On T:6306 you reached level 7 of The Gnomish Mines. On T:6540 you advanced to experience level 6. Score breakdown: Gold: 685 ( 9648 points) Experience: 6 levels (12456 points) Exploration: 11 levels ( 23.40%) (13987 points) Discoveries: 20 items ( 7.22%) ( 8061 points) Valuables value: (no points given unless you survive) Artifact value: 0 ( 0 points) Variety of kills: 66 monsters ( 17.32%) (12486 points) Turncount: 7903 turns (-2030 points) Survival: died (score multiplied by 80%) Total score: 43686 Latest messages: You kill the gnome king! The magic missile bounces! There are a few objects here. You see here a sling. You displace Fiffy. "Hello, Nobbs! Welcome again to Kipawa's general store!" The gecko bites! You kill the gecko! You see here a gecko corpse. Fiffy eats a gecko corpse. The soldier ant bites! The soldier ant stings! The soldier ant bites! The soldier ant stings! You miss the soldier ant. The soldier ant bites! The soldier ant stings! You miss the soldier ant. The soldier ant bites! The soldier ant stings! You die... Final status: Goodbye Nobbs the Wizard, killed by a soldier ant... You died in The Dungeons of Doom on dungeon level 8 with 43686 points, and 685 pieces of gold, after 7903 moves. You were level 6 with a maximum of 49 hit points when you died.